AoeStats
← Cleopatra

African Clearing

510315389Analyzed
2v2 RM · 16h ago on Sep 30, 2026· 40m 53s· 4 players
Game mode
Random Map
Map size
Medium (4 player)
Population
200
Speed
Normal
Resources
Standard
Victory
Conquest
Starting age
Dark Age
Ending age
Imperial Age
RankedLock teamsTeams togetherTeam positionsShared explorationLock speedFull tech treeHidden civsTurbo modeCheats
Victory
Defeat
🇦🇷 Hindustanis · Argentina
1266
+12
🇦🇷 Mongols · Argentina
1251
+13
🇧🇷 Saracens · Brazil
1241
-15
🇧🇷 Vietnamese · Brazil
1113
-10
Cleopatra
8:58 Loom
11:20 Feudal Age
9:39 Loom
18:49 Castle Age
16:54 Horse Collar
17:00 Double-Bit Axe
18:19 Fletching
19:11 Padded Archer Armor
28:02 Wheelbarrow
27:51 Gold Mining
27:51 Stone Mining
28:38 Heavy Plow
28:48 Bow Saw
30:16 Gold Shaft Mining
29:31 Stone Mining
34:22 Imperial Age
32:15 Forging
32:47 Scale Barding Armor
32:43 Husbandry
32:54 Bloodlines
33:40 Hand Cart
34:29 Iron Casting
34:14 Chain Barding Armor
34:43 Heavy Camel Rider
34:55 Heavy Camel Rider
37:05 Plate Barding Armor
37:31 Blast Furnace
36:57 Onager
40:50 Stone Shaft Mining
39:39 Imperial Camel Rider
H2SO4
3:36 Loom
13:17 Feudal Age
13:45 Double-Bit Axe
13:54 Town Watch
16:45 Fletching
21:07 Castle Age
21:35 Padded Archer Armor
SirT_Naval
5:32 Loom
13:33 Feudal Age
14:03 Double-Bit Axe
19:05 Horse Collar
23:14 Castle Age
21:33 Stone Mining
25:12 Fletching
25:19 Gold Mining
27:58 Bodkin Arrow
29:27 Stone Shaft Mining
33:01 Ballistics
35:15 Bow Saw
38:32 Imperial Age
36:25 Padded Archer Armor
36:14 Crossbowman
37:47 Thumb Ring
39:41 Leather Archer Armor
38:55 Arbalester
41:00 Chemistry
40:22 Heavy Plow
XIII-Hanomontano
9:51 Loom
13:02 Feudal Age
13:41 Double-Bit Axe
20:26 Horse Collar
20:49 Fletching
27:55 Castle Age
31:28 Castle Age
34:04 Town Watch
37:12 Scale Barding Armor
40:13 Bow Saw
Connection lost

Rejoining the realm…

Still unreachable

The connection could not be restored.

Session expired

The server has moved on; the page needs a fresh start.